 Dungeon Crawl Stone Soup version 0.29-a0-559-g359e09b9d1 (webtiles) character file.

Game seed: 5910946262483685095

39 bande the Destroyer (level 3, -5/28 HPs)
             Began as a Gnoll Wanderer on June 9, 2022.
             Slain by Sigmund
             ... wielding a +0 scythe
              (8 damage)
             ... on level 2 of the Dungeon.
             The game lasted 00:02:51 (1235 turns).

bande the Destroyer (Gnoll Wanderer)                Turns: 1235, Time: 00:02:52

Health: -5/28      AC:  6    Str:  9    XL:     3   Next: 45%
Magic:  4/7        EV: 10    Int: 11    God:
Gold:   62         SH:  0    Dex: 15    Spells: 6/7 levels left

rFire   . . .      SeeInvis .   a - +0 hunting sling
rCold   . . .      Faith    .   (no shield)
rNeg    . . .      Spirit   .   h - +0 ring mail
rPois   .          Reflect  .   (no helmet)
rElec   .          Harm     .   d - scarf {shadows}
rCorr   .          Rampage  .   b - +0 pair of gloves
Will    .....                   (no boots)
Stlth   +.........              (no amulet)
HPRegen 0.09/turn               (no ring)
MPRegen 0.10/turn               (no ring)

@: no status effects
A: fangs 1, strong nose, distributed training
a: no special abilities


You were on level 2 of the Dungeon.
You visited 1 branch of the dungeon, and saw 2 of its levels.

You collected 62 gold pieces.

Inventory:

Hand Weapons
 a - a +0 hunting sling (weapon)
Armour
 b - a +0 pair of gloves (worn)
 d - a scarf of shadows (worn)
 h - a +0 ring mail (worn)
Scrolls
 c - 3 scrolls of teleportation
Potions
 f - a potion of curing
 i - a potion of invisibility {unknown}
 j - a potion of magic {unknown}


   Skills:
 + Level 2.6 Fighting
 + Level 0.8 Short Blades
 + Level 0.8 Long Blades
 + Level 0.8 Axes
 + Level 0.8 Maces & Flails
 + Level 0.8 Polearms
 + Level 0.8 Staves
 + Level 4.5 Slings
 + Level 0.8 Bows
 + Level 0.8 Crossbows
 + Level 0.8 Throwing
 + Level 0.8 Armour
 + Level 0.8 Dodging
 + Level 2.4 Stealth
 + Level 0.8 Shields
 + Level 0.8 Unarmed Combat
 + Level 2.8 Spellcasting
 + Level 8.7 Conjurations
 + Level 0.5 Hexes
 + Level 0.5 Summonings
 + Level 0.5 Necromancy
 + Level 0.5 Translocations
 + Level 0.5 Transmutations
 + Level 0.5 Fire Magic
 + Level 0.5 Ice Magic
 + Level 0.5 Air Magic
 + Level 0.5 Earth Magic
 + Level 0.5 Poison Magic
 + Level 1.0 Invocations
 + Level 0.8 Evocations


You had 6 spell levels left.
You knew the following spells:

 Your Spells              Type           Power      Damage    Failure   Level
a - Shock                 Conj/Air       44%        1d5       11%         1

Your spell library contained the following spells:

 Spells                   Type           Power      Damage    Failure   Level
 Searing Ray              Conj           40%        2d5       3%          2
 Stone Arrow              Conj/Erth      22%        3d8       32%         3
 Freeze                   Ice            8%         1d3       52%         1
 Ensorcelled Hibernation  Hex/Ice        4%         N/A       65%         2
 Passwall                 Tmut/Erth      1%         N/A       65%         2
 Hailstorm                Conj/Ice       11%        3d5       73%         4
 Frozen Ramparts          Ice            4%         1d2       87%         3
 Ozocubu's Armour         Ice            2%         N/A       87%         3
 Swiftness                Air            2%         N/A       87%         3
 Ozocubu's Refrigeration  Ice            1%         4d5       100%        7


Dungeon Overview and Level Annotations

Branches:
Dungeon (2/15)

Altars:

Annotations:
D:2 Sigmund


Innate Abilities, Weirdness & Mutations

You have very sharp teeth.
Your uncanny sense of smell can sniff out nearby items.
Your experience applies equally to all skills.


Message History

The zap hits Sigmund.
Sigmund is heavily wounded.
Sigmund gestures wildly while chanting.
Sigmund flickers and vanishes!
Deactivating autopickup; reactivate with Ctrl-A.
Casting: Shock (safe; 11% risk of failure)
Confirm with . or Enter, or press ? or * to list all spells.
Aiming: Shock (safe; 11% risk of failure)
Press: ? - help, Shift-Dir - straight line, f - you That beam is likely to hit you.
Continue anyway? [Y]es or [N]o only, please.
That beam is likely to hit you.
Continue anyway? [Y]es or [N]o only, please.
That beam is likely to hit you.
Continue anyway? [Y]es or [N]o only, please.
That beam is likely to hit you.
Continue anyway?
Okay, then.
You hear some strange, mumbled words.
Something tries to affect you, but you resist.
Something hits you.
There is a stone staircase leading up, spattered with blood here.
A magic dart appears from out of thin air!
The magic dart hits you.
* * * LOW HITPOINT WARNING * * *
Casting: Shock (safe; 11% risk of failure)
Confirm with . or Enter, or press ? or * to list all spells.
Aiming: Shock (safe; 11% risk of failure)
Press: ? - help, Shift-Dir - straight line
Casting: Shock (safe; 11% risk of failure)
Confirm with . or Enter, or press ? or * to list all spells.
Aiming: Shock (safe; 11% risk of failure)
Press: ? - help, Shift-Dir - straight line The zap hits something.
Something hits you.
* * * LOW HITPOINT WARNING * * *
Casting: Shock (safe; 11% risk of failure)
Confirm with . or Enter, or press ? or * to list all spells.
Aiming: Shock (safe; 11% risk of failure)
Press: ? - help, Shift-Dir - straight line The zap hits something.
Something hits you!
You die...

####### ##.....##
##.......##
#...(.....#
#.........#
#.........####
#.@.{...<....##
#.........#...##
##....÷..###...###
#...........#....#
#...÷.)...#........
#......>..##.......
...........##.......
............##.......
.....................


There were no monsters in sight!

Vanquished Creatures
  An adder (D:2)
  An endoplasm (D:2)
  A giant cockroach (D:1)
  2 goblins
  8 jackals (D:1)
  A quokka (D:1)
  6 ball pythons (D:1)
  3 bats (D:1)
  A kobold (D:2)
  3 rats
27 creatures vanquished.

Notes
Turn   | Place    | Note
-------+----------+-------------------------------------------
     0 | D:1      | bande the Gnoll Wanderer began the quest for the Orb.
     0 | D:1      | bande set off with the following items: a +0 hunting sling,
                  | a +0 pair of gloves, a scroll of teleportation, a +0 robe;
                  | and the following spell memorised: Shock; and the following
                  | spells available to memorise: Searing Ray, Stone Arrow
     0 | D:1      | Reached XP level 1. HP: 17/17 MP: 4/4
   363 | D:1      | Found a faded altar of an unknown god.
   398 | D:1      | Reached XP level 2. HP: 23/23 MP: 5/5
   809 | D:1      | Reached XP level 3. HP: 20/28 MP: 7/7
   986 | D:2      | Reached skill level 1 in Invocations
  1042 | D:2      | Noticed Sigmund
  1235 | D:2      | Slain by Sigmund

Illustrated notes

Levels and vault maps discovered:
D:1:      dpeg_arrival_boxorama, layout_basic, basic_ecumenical_altar
D:2:      minmay_recursive_quarters, layout_rooms, basic_altar, uniq_terence,
          uniq_sigmund

Skill      XL: |  1  2  3 |
---------------+----------+-----
Invocations    | 1 |  1.0
Fighting       | |  2.6
Short Blades   | |  0.8
Long Blades    | |  0.8
Axes           | |  0.8
Maces & Flails | |  0.8
Polearms       | |  0.8
Staves         | |  0.8
Slings         | |  4.5
Bows           | |  0.8
Crossbows      | |  0.8
Throwing       | |  0.8
Armour         | |  0.8
Dodging        | |  0.8
Stealth        | |  2.4
Shields        | |  0.8
Unarmed Combat | |  0.8
Spellcasting   | |  2.8
Conjurations   | |  8.7
Hexes          | |  0.5
Summonings     | |  0.5
Necromancy     | |  0.5
Translocations | |  0.5
Transmutations | |  0.5
Fire Magic     | |  0.5
Ice Magic      | |  0.5
Air Magic      | |  0.5
Earth Magic    | |  0.5
Poison Magic   | |  0.5
Evocations     | |  0.8

Action                   || total
-------------------------++-------
 Fire: Hunting sling     ||    99
 Cast: Shock             ||     4
  Use: Scroll            ||     2
Armor: Ring mail         ||    43
Dodge: Dodged            ||    49

Table legend: (Time is in decaauts)
 A = Elapsed time spent in this place.
 B = Non-inter-level travel time spent in this place.
 C = Inter-level travel time spent in this place.
 D = Time resting spent in this place.
 E = Time spent auto-exploring this place.
 F = Levels seen in this place.
 G = Mean time per level.
                   A        B        C        D        E       F      G
               +--------+--------+--------+--------+--------+-----+--------+
         Total |   1282 |   1254 |     28 |    174 |    768 |   2 |  641.0 |
       Dungeon |   1282 |   1254 |     28 |    174 |    768 |   2 |  641.0 |
               +--------+--------+--------+--------+--------+-----+--------+

Top non-repeatable levels by time:
     D:1: 1118 daAuts
     D:2: 164 daAuts
